[Event "TUR-ch Youth U17 2019"]
[Site "Belek"]
[Date "2019.01.21"]
[Round "3"]
[White "Ozgur, Isa"]
[Black "Cansun, Can Alp"]
[Result "1-0"]
[ECO "A37"]
[WhiteElo "2090"]
[BlackElo "2174"]
[Annotator "NA"]
[PlyCount "161"]
[EventDate "2019.01.20"]
[EventType "swiss"]
[EventCountry "TUR"]
[SourceTitle "playchess.com"]
[Source "ChessBase"]
[SourceQuality "1"]
[TimeControl "5400+30"]

1. c4 c5 2. Nc3 Nc6 3. Nf3 g6 4. g3 Bg7 5. Bg2 e6 6. d3 Nge7 7. Bg5 {[%emt 0:00:00] A37: Symmetrical English vs ...g6: 4 Bg2 Bg7 5 Nf3} (7. Bd2 b6 8. Qc1 h6 9. O-O Bb7 10. a3 d6 11. Rb1 Qd7 12. b4 Rd8 13. Nb5 Ba8 14. Rd1 g5 15. bxc5 bxc5 {½-½ (55) Bachmann,A (2642)-Bologan,V (2654) Philadelphia 2016}) 7... d6 8. Rb1 h6 9. Bd2 O-O 10. Qc1 Kh7 11. h4 Nd4 12. O-O $146 ({Predecessor:} 12. Nh2 Rb8 13. h5 g5 14. e3 {0-1 (53) Wegerer,F (2211)-Baumegger,S (2405) Frohnleiten 1999}) 12... Bd7 13. Nxd4 ({White should try} 13. b4 $11) 13... cxd4 14. Ne4 Bc6 15. Bb4 Nc8 16. Ba3 f5 17. Nd2 e5 18. e3 dxe3 19. fxe3 f4 20. Qe1 Ne7 21. Ne4 Nf5 22. exf4 exf4 23. Rxf4 Bd4+ 24. Kh1 Be5 25. Rf3 Qe7 26. b3 Rae8 27. Bb2 Nxg3+ 28. Rxg3 Qxh4+ 29. Rh3 Qxe1+ 30. Rxe1 Bxb2 31. Ng5+ Kg7 32. Ne6+ Kg8 33. Bd5 Rf6 34. Rxh6 Bxd5+ 35. cxd5 Re7 36. Re2 Bc1 37. Rh3 Rf1+ 38. Kg2 Rd1 39. Rg3 g5 40. Rc2 Rd2+ 41. Rxd2 Bxd2 42. Kf3 Rf7+ 43. Ke2 Bc1 44. Rg1 Bf4 45. Nxf4 Rxf4 46. Rxg5+ Kf7 47. Ke3 Rh4 $14 48. Rf5+ Ke7 49. Rf4 Rh2 50. a4 b6 51. Kd4 Rc2 52. Rh4 Kd8 53. Rh7 a6 54. Rb7 b5 55. axb5 axb5 56. Rxb5 Kc7 57. Rb4 Rb2 58. Rc4+ Kd7 59. Kc3 Ra2 60. Kb4 Ra8 61. Rc6 Rb8+ 62. Kc4 Rh8 63. b4 Rh4+ 64. d4 Rh1 65. b5 Rc1+ 66. Kb4 Rb1+ 67. Ka5 Ra1+ 68. Kb6 Ra4 69. Rc7+ Kd8 70. Ra7 Rxd4 71. Kc6 Rc4+ 72. Kxd6 Kc8 73. b6 Rb4 74. Rc7+ Kb8 75. Kc5 Rh4 76. d6 Rh5+ 77. Kc6 Rh6 78. Rg7 Rh8 79. b7 Rf8 80. Rg6 Rh8 81. Re6 1-0

[Event "TUR-ch Youth U17 2019"]
[Site "Belek"]
[Date "2019.01.21"]
[Round "3"]
[White "Yungucu, Arda"]
[Black "Acar, Utku Cengiz"]
[Result "1/2-1/2"]
[ECO "A07"]
[WhiteElo "1943"]
[BlackElo "2078"]
[Annotator "NA"]
[PlyCount "104"]
[EventDate "2019.01.20"]
[EventType "swiss"]
[EventCountry "TUR"]
[SourceTitle "playchess.com"]
[Source "ChessBase"]
[SourceQuality "1"]
[TimeControl "5400+30"]

1. Nf3 Nf6 2. g3 d5 3. Bg2 Bf5 4. O-O e6 5. d3 c6 6. Nbd2 Be7 7. Qe1 h6 8. e4 Bh7 9. Qe2 a5 {[%emt 0:08:30] A07: Réti Opening: New York and Capablanca Systems} (9... O-O 10. Re1 a5 11. a4 Na6 12. Nb3 dxe4 13. dxe4 Bxe4 14. Be3 Nb4 15. Red1 Qc8 16. c3 Nc2 17. Rac1 Nxe3 18. Qxe3 Qc7 {0-1 (39) Hasangatin,R (2505)-Alekseev,E (2636) Sochi 2016}) 10. Ne1 O-O {[%emt 0:10:30] LiveBook: 3 Games} 11. f4 dxe4 12. dxe4 Na6 13. Kh1 $146 ({Predecessor:} 13. Nd3 Nb4 14. Nxb4 axb4 15. e5 Nd5 16. Ne4 Ra4 17. g4 Qb6+ 18. Kh1 {0-1 (26) De Valliere,S-Linna,A corr 1993}) 13... Nc5 14. Nd3 a4 15. Nxc5 Bxc5 16. e5 Nd5 17. Ne4 Be7 18. a3 b5 19. g4 Qc7 20. Ng3 Bh4 21. Ne4 Be7 22. Bd2 Rfe8 23. Be1 f5 24. exf6 Nxf6 25. Bg3 Nxe4 26. Bxe4 Bxe4+ 27. Qxe4 Bf6 28. c3 Qb6 29. h4 Qc5 30. g5 Bd8 31. Qg6 Re7 32. f5 Qd5+ 33. Kh2 exf5 34. Rae1 Raa7 35. gxh6 Qd2+ 36. Kh3 Qxh6 37. Qxh6 gxh6 38. Rxe7 Rxe7 39. Rxf5 Re2 40. h5 Bg5 41. Rc5 Rxb2 42. Rxc6 $19 Kf7 43. Bd6 Ke6 44. Bb4+ Kf5 45. Kg3 Ke4 46. Re6+ Kd5 47. Rb6 Ke4 48. Re6+ Kd5 49. Rd6+ Ke4 50. Rd4+ Kf5 51. Kf3 Rd2 52. Rxd2 Ke5 1/2-1/2

[Event "TUR-ch Youth U17 2019"]
[Site "Belek"]
[Date "2019.01.22"]
[Round "4"]
[White "Acar, Utku Cengiz"]
[Black "Ozgur, Isa"]
[Result "1/2-1/2"]
[ECO "B39"]
[WhiteElo "2078"]
[BlackElo "2090"]
[Annotator "NA"]
[PlyCount "83"]
[EventDate "2019.01.20"]
[EventType "swiss"]
[EventCountry "TUR"]
[SourceTitle "playchess.com"]
[Source "ChessBase"]
[SourceQuality "1"]
[TimeControl "5400+30"]

1. e4 c5 2. Nf3 Nc6 3. d4 cxd4 4. Nxd4 g6 5. c4 Bg7 6. Be3 Nf6 7. Nc3 Ng4 8. Qxg4 Nxd4 9. Qd1 Ne6 10. Rc1 b6 11. Be2 Bb7 12. f3 O-O 13. O-O d6 14. Qd2 Rc8 15. Nd5 Nc5 16. b4 Nd7 17. Rfd1 e6 18. Nc3 Be5 19. Nb5 d5 20. f4 Bb8 21. Nc3 Nf6 22. e5 Ne4 23. Nxe4 dxe4 24. Qxd8 Rfxd8 25. Kf2 f6 26. Bd4 fxe5 27. fxe5 Kf7 28. Ke3 Ke7 29. h4 Rf8 30. g4 Rf7 31. Rf1 Rxf1 32. Rxf1 Rf8 33. Rxf8 Kxf8 34. Bf1 Bc7 35. c5 Bd8 36. cxb6 axb6 37. Bg2 b5 38. Bc5+ Kf7 39. Bxe4 Bxe4 40. Kxe4 Bxh4 41. Be3 Be7 42. Bd2 1/2-1/2

[Event "TUR-ch Youth U17 2019"]
[Site "Belek"]
[Date "2019.01.22"]
[Round "4"]
[White "Kirilmaz, Emre"]
[Black "Aytekin, Murat Eren"]
[Result "0-1"]
[ECO "A48"]
[WhiteElo "2035"]
[BlackElo "2163"]
[Annotator "NA"]
[PlyCount "94"]
[EventDate "2019.01.20"]
[EventType "swiss"]
[EventCountry "TUR"]
[SourceTitle "playchess.com"]
[Source "ChessBase"]
[SourceQuality "1"]
[TimeControl "5400+30"]

1. d4 g6 2. e4 Bg7 3. c3 d6 4. Bg5 h6 5. Bh4 Nf6 6. Nd2 O-O 7. Ngf3 Nc6 8. Bc4 Nxe4 9. Nxe4 d5 10. Bd3 dxe4 11. Bxe4 f5 12. Bc2 g5 13. Bxg5 hxg5 14. Nxg5 Qe8 15. Bb3+ e6 16. Qe2 Nd8 17. h4 $11 Qg6 18. f4 c6 19. O-O-O a5 20. Rdg1 a4 21. Bc2 c5 22. g4 cxd4 23. Rg3 dxc3 24. gxf5 exf5 25. Rhg1 cxb2+ 26. Kb1 Qh6 27. Qe7 Qf6 28. Qc7 Be6 29. Nh7 Bxa2+ 30. Kxa2 b1=Q+ 31. Rxb1 Kxh7 32. Bxf5+ Kh8 33. Rg5 Qf7+ 34. Qxf7 Nxf7 35. Rh5+ Nh6 36. Rb6 Rxf5 37. Rbxh6+ Bxh6 38. Rxf5 Kg7 39. Rb5 Ra7 40. f5 Be3 41. Re5 Bf4 42. Re4 Bd6 43. h5 b5 44. Re6 Bc5 45. Rg6+ Kh7 46. Rc6 Bd4 47. Rd6 Bc3 0-1

[Event "TUR-ch Youth U17 2019"]
[Site "Belek"]
[Date "2019.01.22"]
[Round "4"]
[White "Guncan, Berke"]
[Black "Onur, Cem"]
[Result "1/2-1/2"]
[ECO "B44"]
[WhiteElo "2016"]
[BlackElo "1885"]
[Annotator "NA"]
[PlyCount "132"]
[EventDate "2019.01.20"]
[EventType "swiss"]
[EventCountry "TUR"]
[SourceTitle "playchess.com"]
[Source "ChessBase"]
[SourceQuality "1"]
[TimeControl "5400+30"]

1. e4 c5 2. Nf3 Nc6 3. d4 cxd4 4. Nxd4 e6 5. c4 Nf6 6. Nc3 Bb4 7. Nxc6 dxc6 8. Qxd8+ Kxd8 9. e5 Ne4 {[%emt 0:07:30] B44: Sicilian: Taimanov: 5 Nb5} 10. a3 Bxc3+ 11. bxc3 Ke7 $146 ({Predecessor:} 11... Kc7 12. Be3 b6 13. Bd3 Nc5 14. Bxc5 bxc5 15. O-O-O Rb8 16. Kc2 Bd7 17. h4 {½-½ (30) Oparin,G (2609)-Kuzubov,Y (2647) Linares 2018}) 12. a4 b6 13. Ba3+ Nc5 14. a5 Bd7 15. Be2 Rhb8 16. O-O Ke8 17. Rfb1 Na4 18. Bd6 Nxc3 19. Bxb8 $16 Nxe2+ 20. Kf1 Nc3 21. Rc1 Ne4 22. Bd6 bxa5 23. Ke2 Bc8 24. Rxa5 a6 25. Ke3 Nxd6 26. exd6 Kd7 27. Rd1 Rb8 28. c5 Rb3+ 29. Rd3 Rb2 30. Rd2 Rb4 31. Kd3 Bb7 32. Kc3 Rb5 33. Rxb5 cxb5 34. f3 Bc8 35. Kb4 Kc6 36. Ka5 Bd7 37. Rc2 Bc8 38. Kb4 Bd7 39. Rd2 a5+ 40. Kxa5 Kxc5 41. Ka6 Kc6 42. Ka7 b4 43. Kb8 b3 44. h3 e5 45. Rd3 b2 46. Rb3 Kxd6 47. Rxb2 Bc6 48. Kc8 f5 49. Rd2+ Bd5 50. Kd8 e4 51. f4 Kc5 52. Ke7 e3 53. Rd3 e2 54. Re3 Bc4 55. Kf8 Kd4 56. Re7 Bd3 57. Rxe2 Bxe2 58. Kxg7 h5 59. Kg6 Ke4 60. Kg5 Bd1 61. g3 Be2 62. Kh4 Bd1 63. Kg5 Bf3 64. Kh4 Bg2 65. g4 Kxf4 66. gxf5 Kxf5 1/2-1/2

[Event "TUR-ch Youth U17 2019"]
[Site "Belek"]
[Date "2019.01.22"]
[Round "5"]
[White "Aytekin, Murat Eren"]
[Black "Ozgur, Isa"]
[Result "1-0"]
[ECO "D37"]
[WhiteElo "2163"]
[BlackElo "2090"]
[Annotator "NA"]
[PlyCount "107"]
[EventDate "2019.01.20"]
[EventType "swiss"]
[EventCountry "TUR"]
[SourceTitle "playchess.com"]
[Source "ChessBase"]
[SourceQuality "1"]
[TimeControl "5400+30"]

1. d4 Nf6 2. c4 e6 3. Nf3 a6 4. Nc3 d5 5. cxd5 exd5 6. Bg5 Be6 7. e3 Nbd7 8. Bd3 h6 9. Bh4 Bd6 10. O-O O-O 11. Rb1 Qe7 12. Re1 g5 13. Bg3 Bxg3 14. hxg3 Qd6 15. Qc2 c6 16. Na4 Ne4 17. b4 b6 18. Rec1 Rfc8 19. Bxe4 dxe4 20. Nd2 f5 21. g4 fxg4 22. Nxe4 Qe7 23. Ng3 Qf7 24. Rb2 h5 25. e4 h4 26. Nf5 Bxf5 27. exf5 b5 28. Nc5 Nb6 29. Qe4 Nc4 30. Re2 Re8 31. Ne6 Nd6 32. Qe5 Nxf5 33. Rxc6 Rac8 34. Rc5 g3 35. d5 Qg6 36. f3 Rxc5 37. bxc5 h3 38. gxh3 Nh4 39. Qxg3 Qf5 40. Nd4 Qb1+ 41. Kh2 Rxe2+ 42. Nxe2 Qf5 43. f4 Qxd5 44. Qxg5+ Qxg5 45. fxg5 Nf3+ 46. Kg3 Nxg5 47. Kg4 Ne6 48. c6 a5 49. Kf5 Kf7 50. Ke5 Ke7 51. Nc3 Ng5 52. Nd5+ Kd8 53. h4 Nh7 54. Ke4 1-0

[Event "TUR-ch Youth U17 2019"]
[Site "Belek"]
[Date "2019.01.22"]
[Round "5"]
[White "Kocyigit, Buse Naz"]
[Black "Yilmaz, Duygu Sila"]
[Result "1-0"]
[ECO "D11"]
[WhiteElo "2043"]
[BlackElo "1407"]
[Annotator "NA"]
[PlyCount "63"]
[EventDate "2019.01.20"]
[EventType "swiss"]
[EventCountry "TUR"]
[SourceTitle "playchess.com"]
[Source "ChessBase"]
[SourceQuality "1"]
[TimeControl "5400+30"]

1. d4 d5 2. Nf3 Nf6 3. c4 c6 4. Qc2 Nbd7 5. Nbd2 dxc4 6. Nxc4 e6 7. a3 c5 8. e3 b6 9. dxc5 Nxc5 10. b4 Nce4 11. Nce5 Nd6 12. Qc6+ Bd7 13. Nxd7 Nxd7 14. Ba6 Rb8 15. b5 Nf5 16. Ne5 Bc5 17. Bb2 Ne7 18. Qxd7+ Qxd7 19. Nxd7 Kxd7 20. Bxg7 Rhg8 21. Be5 Rbd8 22. Ke2 Nd5 23. e4 f6 24. Bg3 Nc3+ 25. Kd3 Na4 26. Kc2 Ke7 27. e5 fxe5 28. Bh4+ Kf7 29. Bxd8 Rxd8 30. Kb3 Rd4 31. Rhd1 Rg4 32. f3 1-0

[Event "TUR-ch Youth U17 2019"]
[Site "Belek"]
[Date "2019.01.22"]
[Round "5"]
[White "Onur, Cem"]
[Black "Cansun, Can Alp"]
[Result "1-0"]
[ECO "B23"]
[WhiteElo "1885"]
[BlackElo "2174"]
[Annotator "NA"]
[PlyCount "103"]
[EventDate "2019.01.20"]
[EventType "swiss"]
[EventCountry "TUR"]
[SourceTitle "playchess.com"]
[Source "ChessBase"]
[SourceQuality "1"]
[TimeControl "5400+30"]

1. e4 c5 2. Nc3 a6 3. a4 Nc6 4. f4 e6 5. Bc4 Nge7 6. d3 d5 7. Ba2 g6 8. Nf3 Bg7 9. O-O O-O 10. Qe1 Nd4 11. Nxd4 cxd4 12. Ne2 dxe4 13. dxe4 Nc6 14. e5 f6 15. exf6 Qxf6 16. Ng3 Kh8 17. Ne4 Qe7 18. Ng5 h6 19. Nf3 Bd7 20. Bd2 Rae8 21. Qg3 Kh7 22. Rae1 Bf6 23. Bb1 Qg7 24. c3 Ne7 25. Ne5 Nf5 26. Bxf5 exf5 27. cxd4 Bxa4 28. Bb4 Rg8 29. Rc1 g5 30. Rf2 Rc8 31. Rxc8 Rxc8 32. Bc3 Bb5 33. Qh3 g4 34. Qe3 Qg8 35. Qc1 h5 36. Qc2 Kh6 37. Qxf5 Rf8 38. Qb1 Bxe5 39. fxe5 Rxf2 40. Kxf2 Qf7+ 41. Kg1 Qf4 42. Qe1 Kg6 43. e6 Bc6 44. e7 Kf7 45. d5 Bd7 46. g3 Qc4 47. e8=Q+ Bxe8 48. Qe6+ Kf8 49. Qh6+ Ke7 50. Qf6+ Kd7 51. Qe6+ Kc7 52. d6+ 1-0

[Event "TUR-ch Youth U17 2019"]
[Site "Belek"]
[Date "2019.01.22"]
[Round "5"]
[White "Baspinar, Lara"]
[Black "Catal, Uktenur"]
[Result "1/2-1/2"]
[ECO "C08"]
[WhiteElo "1763"]
[BlackElo "1854"]
[Annotator "NA"]
[PlyCount "65"]
[EventDate "2019.01.20"]
[EventType "swiss"]
[EventCountry "TUR"]
[SourceTitle "playchess.com"]
[Source "ChessBase"]
[SourceQuality "1"]
[TimeControl "5400+30"]

1. e4 e6 2. d4 d5 3. Nd2 a6 4. Ngf3 c5 5. exd5 exd5 6. Be2 Bd6 7. dxc5 Bxc5 8. Nb3 Bb6 9. O-O Nf6 10. Bg5 O-O 11. c3 Re8 12. Re1 Be6 13. Nfd4 h6 14. Bh4 g5 15. Bg3 Ne4 16. Bf3 Bc8 17. Nd2 Bxd4 18. Bxe4 dxe4 19. cxd4 f5 20. Be5 Nc6 21. Nc4 b5 22. Nd6 Nxe5 23. Nxe8 Nd3 24. Re3 Be6 25. Qh5 Qxe8 26. Qxh6 g4 27. h3 Ra7 28. hxg4 Rh7 29. Qg5+ Rg7 30. Qh6 Rh7 31. Qg5+ Rg7 32. Qh6 Rh7 33. Qg5+ 1/2-1/2

[Event "TUR-ch Youth U17 2019"]
[Site "Belek"]
[Date "2019.01.22"]
[Round "5"]
[White "Sahin, Hayrun Nisa"]
[Black "Sen, Irem"]
[Result "1-0"]
[ECO "B08"]
[WhiteElo "1743"]
[BlackElo "1765"]
[Annotator "NA"]
[PlyCount "115"]
[EventDate "2019.01.20"]
[EventType "swiss"]
[EventCountry "TUR"]
[SourceTitle "playchess.com"]
[Source "ChessBase"]
[SourceQuality "1"]
[TimeControl "5400+30"]

1. e4 g6 2. d4 Bg7 3. Nc3 c6 4. Nf3 d6 5. Be3 Nf6 6. Qd2 b5 7. Bd3 O-O 8. Bh6 a6 9. h4 Nh5 10. O-O-O Qc7 11. Rdg1 e5 12. g4 Nf6 13. Bxg7 Kxg7 14. g5 Nh5 15. dxe5 dxe5 16. Ne1 Be6 17. Be2 Nf4 18. Nd3 Rd8 19. h5 Nxe2+ 20. Qxe2 Rg8 21. Nc5 Bc4 22. Qf3 Qe7 23. hxg6 hxg6 24. Rh7+ Kf8 25. Rd1 Ra7 26. b3 Bd5 27. Qe3 Rc7 28. exd5 cxd5 29. Nxd5 Qxc5 30. Nxc7 Qxc7 31. Qh3 e4 32. Qh2 Qxh2 33. Rxh2 Kg7 34. Rdh1 Nd7 35. Rh7+ Kf8 36. Rh8 Rxh8 37. Rxh8+ Ke7 38. Ra8 Ke6 39. Rxa6+ Kf5 40. Rd6 Ne5 41. a4 bxa4 42. bxa4 Kxg5 43. a5 Nc4 44. Rd5+ Kf4 45. Rc5 Nxa5 46. Rxa5 Kf3 47. c4 Kxf2 48. c5 e3 49. c6 e2 50. Ra2 Kf1 51. Rxe2 Kxe2 52. c7 f5 53. c8=Q f4 54. Qe6+ Kf2 55. Qxg6 f3 56. Kd2 Kf1 57. Qg3 f2 58. Ke3 1-0

[Event "TUR-ch Youth U17 2019"]
[Site "Belek"]
[Date "2019.01.22"]
[Round "5"]
[White "Kargaci, Humeyra"]
[Black "Akti, Ezgi"]
[Result "1/2-1/2"]
[ECO "E09"]
[WhiteElo "1740"]
[BlackElo "1713"]
[Annotator "NA"]
[PlyCount "90"]
[EventDate "2019.01.20"]
[EventType "swiss"]
[EventCountry "TUR"]
[SourceTitle "playchess.com"]
[Source "ChessBase"]
[SourceQuality "1"]
[TimeControl "5400+30"]

1. c4 e6 2. g3 Nf6 3. Bg2 d5 4. Nf3 Be7 5. d4 O-O 6. Qc2 Nbd7 7. O-O c6 8. Nbd2 Re8 9. e4 dxe4 10. Nxe4 Nxe4 11. Qxe4 c5 12. Be3 cxd4 13. Bxd4 Bf6 14. Rfd1 Qc7 15. Bxf6 Nxf6 16. Qc2 Bd7 17. Nd4 e5 18. Nf5 Bxf5 19. Qxf5 e4 20. Rd4 Qb6 21. Rad1 e3 22. fxe3 Rxe3 23. Qf2 Rae8 24. Bf3 h6 25. Kg2 Qc7 26. Rd8 Rxd8 27. Rxd8+ Qxd8 28. Qxe3 b6 29. b4 Qe8 30. Qxe8+ Nxe8 31. c5 bxc5 32. bxc5 Kf8 33. Kf2 Ke7 34. Ke3 Nc7 35. Kd4 Ke6 36. a4 f5 37. Bd1 g5 38. Bb3+ Kf6 39. c6 h5 40. Kc5 Ke5 41. Bd1 h4 42. gxh4 gxh4 43. a5 Ne6+ 44. Kc4 Kd6 45. Bf3 Ke5 1/2-1/2

[Event "TUR-ch Youth U17 2019"]
[Site "Belek"]
[Date "2019.01.22"]
[Round "5"]
[White "Nukan, Baris Tuna"]
[Black "Kirilmaz, Emre"]
[Result "0-1"]
[ECO "B04"]
[WhiteElo "1710"]
[BlackElo "2035"]
[Annotator "NA"]
[PlyCount "122"]
[EventDate "2019.01.20"]
[EventType "swiss"]
[EventCountry "TUR"]
[SourceTitle "playchess.com"]
[Source "ChessBase"]
[SourceQuality "1"]
[TimeControl "5400+30"]

1. e4 Nf6 2. e5 Nd5 3. d4 d6 4. Nf3 g6 5. c4 Nb6 6. Nc3 Bg7 7. exd6 cxd6 8. Be2 O-O 9. O-O Bg4 10. Be3 Nc6 11. b3 d5 12. c5 Nc8 13. Rc1 e6 14. Qd2 N8e7 15. Ne1 Bxe2 16. Nxe2 Nf5 17. Nf3 Nxe3 18. Qxe3 b6 19. Qd2 bxc5 20. Rxc5 Qb6 21. Rfc1 Rfc8 22. b4 Bf8 23. R5c2 Bxb4 24. Qf4 Qb7 25. Ng5 Nd8 26. Rc7 Rxc7 27. Qxc7 Qxc7 28. Rxc7 Ba5 29. Rc2 f6 30. Nf3 Kf7 31. g4 g5 32. Nc1 Nb7 33. Nb3 Bb6 34. a4 Ke7 35. Kf1 Kd7 36. Nc5+ Bxc5 37. dxc5 Rc8 38. h4 h6 39. hxg5 hxg5 40. Nd4 Rxc5 41. Rb2 Nd6 42. Nb5 Nxb5 43. axb5 Kc7 44. Ra2 Rxb5 45. Rxa7+ Kd6 46. Ke2 Ke5 47. Ra4 Rb2+ 48. Ke3 Rb3+ 49. Ke2 Rc3 50. f3 Rc6 51. Kd3 Rb6 52. Ke3 f5 53. gxf5 exf5 54. Kd3 Rb3+ 55. Ke2 Rc3 56. Rb4 Rc4 57. Rb3 Kf4 58. Rd3 Rc2+ 59. Kd1 Rf2 60. Rxd5 Rxf3 61. Ke1 g4 0-1

[Event "TUR-ch Youth U17 2019"]
[Site "Belek"]
[Date "2019.01.22"]
[Round "5"]
[White "Taskin, Arda"]
[Black "Guncan, Berke"]
[Result "0-1"]
[ECO "E19"]
[WhiteElo "1693"]
[BlackElo "2016"]
[Annotator "NA"]
[PlyCount "96"]
[EventDate "2019.01.20"]
[EventType "swiss"]
[EventCountry "TUR"]
[SourceTitle "playchess.com"]
[Source "ChessBase"]
[SourceQuality "1"]
[TimeControl "5400+30"]

1. d4 Nf6 2. c4 e6 3. Nf3 b6 4. g3 Bb7 5. Bg2 Be7 6. O-O O-O 7. Nc3 Ne4 8. Qc2 Nxc3 9. Qxc3 c5 10. dxc5 bxc5 11. Bf4 d6 12. Rad1 Qb6 13. Rfe1 Rd8 14. e4 e5 15. Bg5 Bxg5 16. Nxg5 h6 17. Nh3 Nc6 18. f4 Nd4 19. f5 f6 20. a3 a5 21. Rd3 a4 22. Nf2 Rab8 23. Nd1 Ba6 24. Bf1 Qc6 25. Qc1 Rb3 26. Rxb3 axb3 27. Re3 Rb8 28. Bd3 Qe8 29. g4 Qf7 30. Rg3 Qc7 31. Ne3 Bb7 32. Qe1 Bc6 33. h4 Qb7 34. Nd5 Bxd5 35. cxd5 Qa7 36. Bc4 Nc2 37. Qc3 Nxa3 38. bxa3 b2 39. Ba2 c4+ 40. Kf1 b1=Q+ 41. Bxb1 Rxb1+ 42. Ke2 Rb3 43. Qe1 Qxa3 44. Rxb3 cxb3 45. Qc3 Qa2+ 46. Ke3 Qg2 47. Kd3 b2 48. Qc2 Qf1+ 0-1

[Event "TUR-ch Youth U17 2019"]
[Site "Belek"]
[Date "2019.01.23"]
[Round "6"]
[White "Ozgur, Isa"]
[Black "Gunduz, Umut Erdem"]
[Result "0-1"]
[ECO "A67"]
[WhiteElo "2090"]
[BlackElo "2255"]
[Annotator "NA"]
[PlyCount "74"]
[EventDate "2019.01.20"]
[EventType "swiss"]
[EventCountry "TUR"]
[SourceTitle "playchess.com"]
[Source "ChessBase"]
[SourceQuality "1"]
[TimeControl "5400+30"]

1. d4 Nf6 2. c4 c5 3. d5 e6 4. Nc3 exd5 5. cxd5 d6 6. e4 g6 7. f4 Bg7 8. Bb5+ Nfd7 9. Bd3 O-O 10. Nf3 Na6 11. O-O Qe7 12. Re1 Re8 13. a3 Nc7 14. Bf1 Qf8 15. a4 a6 16. h3 b6 17. Qd2 Bb7 18. Bc4 Kh8 19. Rb1 f5 20. e5 dxe5 21. d6 Bxf3 22. dxc7 Bc6 23. Bd5 Qd6 24. Bxc6 Qxc6 25. Qd5 Qxc7 26. fxe5 Nxe5 27. Bf4 Rad8 28. Bxe5 Bxe5 29. Qc4 Bd4+ 30. Kh1 Qg3 31. Ne2 Qf2 32. Qxa6 f4 33. Qxb6 f3 34. Rg1 Qxe2 35. gxf3 Bxg1 36. Qf6+ Kg8 37. Rxg1 Rd1 0-1

[Event "TUR-ch Youth U17 2019"]
[Site "Belek"]
[Date "2019.01.23"]
[Round "6"]
[White "Acar, Utku Cengiz"]
[Black "Guncan, Berke"]
[Result "1-0"]
[ECO "B36"]
[WhiteElo "2078"]
[BlackElo "2016"]
[Annotator "NA"]
[PlyCount "73"]
[EventDate "2019.01.20"]
[EventType "swiss"]
[EventCountry "TUR"]
[SourceTitle "playchess.com"]
[Source "ChessBase"]
[SourceQuality "1"]
[TimeControl "5400+30"]

1. e4 c5 2. Nf3 g6 3. d4 cxd4 4. Nxd4 Nc6 5. c4 Nf6 6. Nc3 Nxd4 7. Qxd4 d6 8. Be2 Bg7 9. Be3 O-O 10. Qd2 a5 11. Rd1 Be6 12. O-O a4 13. Bd4 Qa5 14. f4 Rfc8 15. b3 axb3 16. axb3 Qb4 17. f5 Bd7 18. Bxf6 Bxf6 19. Nd5 Qxb3 20. fxg6 Be6 21. Nxf6+ exf6 22. gxh7+ Kxh7 23. Rxf6 Kg8 24. Qg5+ Kf8 25. Rxe6 Qb6+ 26. Kh1 fxe6 27. Rf1+ Ke8 28. Qg7 Ra1 29. Qxa1 Kd7 30. Rf7+ Kc6 31. Qa4+ Kc5 32. Qa3+ Kc6 33. e5 Qc5 34. Qa4+ b5 35. cxb5+ Kd5 36. Bf3+ Kxe5 37. Qe4# 1-0

[Event "TUR-ch Youth U17 2019"]
[Site "Belek"]
[Date "2019.01.23"]
[Round "6"]
[White "Kirilmaz, Emre"]
[Black "Onur, Cem"]
[Result "1-0"]
[ECO "D03"]
[WhiteElo "2035"]
[BlackElo "1885"]
[Annotator "NA"]
[PlyCount "75"]
[EventDate "2019.01.20"]
[EventType "swiss"]
[EventCountry "TUR"]
[SourceTitle "playchess.com"]
[Source "ChessBase"]
[SourceQuality "1"]
[TimeControl "5400+30"]

1. d4 d5 2. Nf3 Nf6 3. Bg5 e6 4. Nbd2 Be7 5. c3 Nbd7 6. e3 b6 7. Bd3 Bb7 8. Qa4 O-O 9. Ne5 c5 10. O-O c4 11. Bb1 Nxe5 12. dxe5 Ng4 13. Qc2 g6 14. Bf4 Bg5 15. Nf3 Bxf4 16. exf4 f6 17. Qe2 Nh6 18. Nd4 Qe7 19. Bc2 f5 20. Qd2 a5 21. Rae1 Ba6 22. a4 Qd7 23. Re3 b5 24. axb5 Bxb5 25. h4 a4 26. h5 a3 27. bxa3 Rxa3 28. Rh3 Kg7 29. Qe3 Ba4 30. Bxa4 Rxa4 31. Qg3 Qe7 32. hxg6 hxg6 33. Qg5 Qxg5 34. fxg5 Nf7 35. Nxe6+ Kg8 36. Nxf8 Kxf8 37. f4 Ke7 38. Rb1 1-0

[Event "TUR-ch Youth U17 2019"]
[Site "Belek"]
[Date "2019.01.23"]
[Round "6"]
[White "Yungucu, Arda"]
[Black "Aytekin, Murat Eren"]
[Result "1/2-1/2"]
[ECO "A48"]
[WhiteElo "1943"]
[BlackElo "2163"]
[Annotator "NA"]
[PlyCount "42"]
[EventDate "2019.01.20"]
[EventType "swiss"]
[EventCountry "TUR"]
[SourceTitle "playchess.com"]
[Source "ChessBase"]
[SourceQuality "1"]
[TimeControl "5400+30"]

1. Nf3 g6 2. d4 Bg7 3. c3 d6 4. Bg5 h6 5. Bh4 Nf6 6. Nbd2 O-O 7. e4 Nc6 8. Be2 e5 9. dxe5 dxe5 10. O-O Qe7 11. Qc2 g5 12. Bg3 Nh5 13. Nc4 Nf4 14. Ne3 Be6 15. Rfe1 Rae8 16. Bf1 Qf6 17. Bxf4 exf4 18. Nd5 Qd8 19. Rad1 Qc8 20. Nd4 Ne5 21. Nf5 Bxf5 1/2-1/2

[Event "TUR-ch Youth U17 2019"]
[Site "Belek"]
[Date "2019.01.23"]
[Round "6"]
[White "Catal, Uktenur"]
[Black "Kocyigit, Buse Naz"]
[Result "1-0"]
[ECO "D03"]
[WhiteElo "1854"]
[BlackElo "2043"]
[Annotator "NA"]
[PlyCount "49"]
[EventDate "2019.01.20"]
[EventType "swiss"]
[EventCountry "TUR"]
[SourceTitle "playchess.com"]
[Source "ChessBase"]
[SourceQuality "1"]
[TimeControl "5400+30"]

1. d4 Nf6 2. Bg5 d5 3. Nd2 Nbd7 4. Ngf3 g6 5. e3 Bg7 6. Bd3 O-O 7. h3 c5 8. c3 b6 9. O-O Bb7 10. Qb1 Ne8 11. Bf4 Nc7 12. h4 Ne6 13. Bh2 a6 14. Ne1 Rc8 15. f4 Nc7 16. h5 Nf6 17. hxg6 fxg6 18. f5 Ng4 19. Bf4 e5 20. dxe5 Bxe5 21. fxg6 Bxf4 22. gxh7+ Kh8 23. exf4 d4 24. Bf5 Qd5 25. Bxg4 1-0

[Event "TUR-ch Youth U17 2019"]
[Site "Belek"]
[Date "2019.01.23"]
[Round "6"]
[White "Baspinar, Lara"]
[Black "Sahin, Hayrun Nisa"]
[Result "0-1"]
[ECO "B27"]
[WhiteElo "1763"]
[BlackElo "1743"]
[Annotator "NA"]
[PlyCount "88"]
[EventDate "2019.01.20"]
[EventType "swiss"]
[EventCountry "TUR"]
[SourceTitle "playchess.com"]
[Source "ChessBase"]
[SourceQuality "1"]
[TimeControl "5400+30"]

1. e4 c5 2. Nf3 g6 3. d4 cxd4 4. Qxd4 Nf6 5. Nc3 Nc6 6. Qa4 d6 7. e5 dxe5 8. Nxe5 Qd4 9. Nxc6 Qxa4 10. Nxa4 bxc6 11. Bd3 e5 12. Bg5 Nd7 13. O-O-O f6 14. Be3 Be7 15. Bc4 h5 16. Be6 Rb8 17. Rd3 Nb6 18. Bb3 Ba6 19. Rdd1 Rh7 20. Rhe1 g5 21. Bc5 Nxa4 22. Bxe7 Rxe7 23. Bxa4 Bb5 24. Bxb5 Rxb5 25. Rd6 Kf7 26. Rxc6 e4 27. c4 Rbe5 28. Kd2 Ra5 29. a3 f5 30. Rh6 Rd7+ 31. Kc2 h4 32. Rh7+ Ke6 33. Rh5 Kf6 34. Rh6+ Ke5 35. Rg6 Kf4 36. Re3 Rh7 37. b4 Re5 38. Kd2 Re8 39. h3 Rd8+ 40. Ke2 Rhd7 41. g3+ Ke5 42. gxh4 Rd1 43. Rxe4+ Kxe4 44. f4 R8d2# 0-1

[Event "TUR-ch Youth U17 2019"]
[Site "Belek"]
[Date "2019.01.23"]
[Round "6"]
[White "Yilmaz, Duygu Sila"]
[Black "Esti, Kubra Selenay"]
[Result "0-1"]
[ECO "B06"]
[WhiteElo "1407"]
[BlackElo "1662"]
[Annotator "NA"]
[PlyCount "80"]
[EventDate "2019.01.20"]
[EventType "swiss"]
[EventCountry "TUR"]
[SourceTitle "playchess.com"]
[Source "ChessBase"]
[SourceQuality "1"]
[TimeControl "5400+30"]

1. e4 g6 2. d4 Bg7 3. Nc3 d6 4. Be3 a6 5. Qd2 Nd7 6. Bd3 b5 7. a4 b4 8. Nd1 a5 9. c3 c5 10. Nf3 Ba6 11. O-O c4 12. Bb1 b3 13. Qe2 Qc7 14. Nd2 e5 15. d5 Ne7 16. f4 h6 17. fxe5 dxe5 18. Bf2 Nc8 19. Ne3 Nd6 20. Bg3 Qc5 21. Bf2 Qc7 22. Nf3 O-O-O 23. Bg3 Rde8 24. Nd2 Kb7 25. Bf2 Ref8 26. Bg3 h5 27. h4 Bh6 28. Nf3 f6 29. Kh2 Bg7 30. Nd2 Bh6 31. Nf3 Qc5 32. Bf2 Qc8 33. Bg3 Bg7 34. Nd4 exd4 35. Bxd6 dxe3 36. Bxf8 Qxf8 37. Qxe3 Qd6+ 38. Kh1 Ne5 39. Rd1 Ng4 40. Qg1 Qg3 0-1